 Dungeon Sprint DCSS version 0.26-a0-665-gefeb406119 (webtiles) character file.

Game seed: 5221211777957459726

9555 jesuscristo the Frost Mage (level 11, -6/108 HPs)
             Began as a Naga Ice Elementalist on Oct 14, 2020.
             Was the Champion of Vehumet.
             Mangled by a 12-headed hydra (13 damage)
             ... while paralysed by a floating eye
             ... in the Dungeon (Sprint I: "Red Sonja").
             The game lasted 00:21:36 (2379 turns).

jesuscristo the Frost Mage (Naga Ice Elementalist)  Turns: 2379, Time: 00:21:36

Health: -6/108     AC: 13    Str: 11    XL:     11   Next: 48%
Magic:  29/34      EV:  1    Int: 18    God:    Vehumet [******]
Gold:   285        SH:  0    Dex: 12    Spells: 6/30 levels left

rFire    . . .     SeeInvis +   n - +2 trident (flame)
rCold    . . .     Faith    .   a - +1 kite shield
rNeg     . . .     Spirit   .   m - +0 troll leather armour
rPois    +         Reflect  .   (no helmet)
rElec    .         Harm     .   (no cloak)
rCorr    .         Rampage  .   (no gloves)
MR       +....     NoTele   +   (no barding)
Stlth    ++++......             (no amulet)
HPRegen  0.68/turn              t - ring of wizardry
MPRegen  0.24/turn              u - ring of magical power

@: paralysed, icy armour, frozen ramparts, very slow
A: large, see invisible, deformed body, poison resistance, slowness 2, spit
poison 1, AC +3
a: Spit Poison, Renounce Religion


You were in the Dungeon.
You worshipped Vehumet.
Vehumet was exalted by your worship.
You visited 1 branch You collected 2015 gold pieces.
You spent 1730 gold pieces at shops.

Inventory:

Hand Weapons
 n - a +2 trident of flaming (weapon)
 o - a +6 morningstar of protection
Missiles
 k - 9 curare-tipped darts (quivered)
Armour
 a - a +1 kite shield (worn)
 m - a +0 troll leather armour (worn)
Jewellery
 t - a ring of wizardry (left hand)
 u - a ring of magical power (right hand)
Wands
 s - a wand of digging (4)
Scrolls
 h - a scroll of blinking
 q - a scroll of remove curse
Potions
 c - a potion of brilliance {unknown}
 d - 4 potions of heal wounds
 e - a potion of haste
 f - 2 potions of magic
 g - a potion of berserk rage
 i - a potion of flight {unknown}
 l - 3 potions of curing
Miscellaneous
 b - a phantom mirror
 j - a condenser vane (2/2)


   Skills:
 - Level 10.0 Fighting
   Level 3.2 Short Blades
 - Level 6.0 Armour
 - Level 6.0 Dodging
 - Level 10.0 Stealth
 - Level 9.0 Shields
 - Level 10.0 Spellcasting
 - Level 10.0 Conjurations
 - Level 10.1 Ice Magic
 * Level 9.0 Air Magic
 - Level 8.5 Evocations


You had 6 spell levels left.
You knew the following spells:

 Your Spells              Type           Power        Failure   Level
a - Freeze                Ice            ####         1%          1
b - Frozen Ramparts       Ice            #####.       1%          3
c - Ozocubu's Armour      Ice            #####...     1%          3
d - Summon Ice Beast      Ice/Summ       ####....     5%          4
e - Hailstorm             Conj/Ice       #####...     1%          4
f - Stone Arrow           Conj/Erth      ####..       1%          3
g - Freezing Cloud        Conj/Ice/Air   #####.....   3%          6

Your spell library contained the following spells:

 Spells                   Type           Power        Failure   Level
 Spellforged Servitor     Conj/Summ      ####......   65%         7
 Animate Skeleton         Necr           #.....       4%          1
 Apportation              Tloc           #.....       4%          1
 Corona                   Hex            #......      4%          1
 Summon Small Mammal      Summ           #...         4%          1


Dungeon Overview and Level Annotations

Branches:
Dungeon (1/1)

Altars:
Cheibriados
Dithmenos
Elyvilon
Fedhas
Gozag
Hepliaklqana
Kikubaaqudgha
Makhleb
Nemelex Xobeh
Okawaru
Qazlal
Ru
Sif Muna
Trog
Uskayaw
Vehumet
Wu Jian
Xom
Yredelemnul
Zin
The Shining One
Jiyva
Lugonu

Shops:
D !}*}(=*:(=*:(*([?


Innate Abilities, Weirdness & Mutations

You cannot wear boots.
Your serpentine skin is tough. (AC +3)
You have supernaturally acute eyesight. (SInv)
Armour fits poorly on your strangely shaped body.
Your system is resistant to poisons. (rPois)
You cover ground very slowly.
You can spit poison.


Message History

The 12-headed hydra bites you!
The 12-headed hydra bites you but does no damage.
The 12-headed hydra bites you.
The 12-headed hydra bites you but does no damage.
The 12-headed hydra bites you. x2; The wall freezes the floating eye.
The wall freezes the floating eye.
The floating eye seems to glare at you.
The wall freezes the 12-headed hydra.
The 12-headed hydra seems to slow down.
The 12-headed hydra bites you!
* * * LOW HITPOINT WARNING * * *
The 12-headed hydra bites you but does no damage. x3
The 12-headed hydra bites you!
* * * LOW HITPOINT WARNING * * *
The 12-headed hydra bites you but does no damage.
The 12-headed hydra bites you!
* * * LOW HITPOINT WARNING * * *
The 12-headed hydra bites you.
* * * LOW HITPOINT WARNING * * *
The 12-headed hydra bites you!
You die...

#####################************
..#..#§.§§§§§§§§@DG$#^^+,,,,*,,,,
..##'#§####§§§§§##$.+^^*,,,,**,,,
..'..#.#,*##§§§##**##*+*,,,,,****
###.§'§#+*$###+#,,,**,,*,,,,,*,,,
.##)####^.$#y#,**,,,*,,**,,,,*,∩,
.#.°..^#..$###,,***,*,,≈***+**,,,
.#..°°.+..$$$#*,*,*,*,,≈,,*,****+
'###.○^#^...2#,,***,*,,≈,**+*,,,,
.'.#°.^#*#++##,**,,,*,,≈**,,,,,,,


You could see a 12-headed hydra (slow) and a floating eye (charged).

Vanquished Creatures
  2 centaur warriors (D)
  Sonja (D)
  A deep troll (D)
  2 unseen horrors (D)
  A lindwurm (D)
  A gargoyle (D)
  2 kobold demonologists (D)
  3 demonic crawlers (D)
  A slime creature (D)
  A hornet (D)
  Sigmund (D)
  2 redbacks (D)
  A yak (D)
  13 hogs (D)
  A floating eye (D)
  5 necrophages (D)
  An ogre (D)
  7 jellies (D)
  Ijyb (D)
  2 ballistomycete spores (D)
49 creatures vanquished.

Vanquished Creatures (collateral kills)
  An oklob plant (D)
  A demonic crawler (D)
  A floating eye (D)
  2 necrophages (D)
5 creatures vanquished.

Vanquished Creatures (others)
  A gargoyle (D)
1 creature vanquished.

Grand Total: 55 creatures vanquished

Notes
Turn   | Place    | Note
-------+----------+-------------------------------------------
     0 | D        | jesuscristo the Naga Ice Elementalist began the quest for
                  | the Orb.
     0 | D        | Reached XP level 1. HP: 15/15 MP: 3/3
     1 | D        | Noticed Ijyb
    16 | D        | Killed Ijyb
    16 | D        | Reached XP level 2. HP: 10/22 MP: 0/5
    16 | D        | Reached XP level 3. HP: 12/28 MP: 0/6
   191 | D        | Learned a level 3 spell: Frozen Ramparts
   192 | D        | Noticed an ogre
   199 | D        | Killed an ogre
   199 | D        | Reached skill level 10 in Ice Magic
   199 | D        | Reached XP level 4. HP: 9/36 MP: 3/7
   206 | D        | Learned a level 3 spell: Ozocubu's Armour
   428 | D        | Noticed Sigmund
   434 | D        | Killed Sigmund
   434 | D        | Reached XP level 5. HP: 35/42 MP: 1/15
   434 | D        | Reached XP level 6. HP: 41/49 MP: 1/17
   551 | D        | Found a shimmering blue altar of Sif Muna.
   552 | D        | Found an ornate altar of the Wu Jian Council.
   557 | D        | Found a radiant altar of Vehumet.
   564 | D        | Became a worshipper of Vehumet
   592 | D        | Found Wumom's Gadget Emporium.
   592 | D        | Found an ancient bone altar of Kikubaaqudgha.
   592 | D        | Found a hazy altar of Hepliaklqana.
   592 | D        | Found a stormy altar of Qazlal.
   592 | D        | Found a hide-covered altar of Uskayaw.
   592 | D        | Found a blossoming altar of Fedhas.
   592 | D        | Found a bloodstained altar of Trog.
   592 | D        | Found an iron altar of Okawaru.
   592 | D        | Found a basalt altar of Yredelemnul.
   592 | D        | Found a glowing golden altar of the Shining One.
   592 | D        | Found a snail-covered altar of Cheibriados.
   592 | D        | Found a sacrificial altar of Ru.
   592 | D        | Found a glowing silver altar of Zin.
   592 | D        | Found a shadowy altar of Dithmenos.
   592 | D        | Found a white marble altar of Elyvilon.
   592 | D        | Noticed a yak
   598 | D        | Killed a yak
   598 | D        | Reached skill level 10 in Spellcasting
   598 | D        | Reached XP level 7. HP: 55/62 MP: 10/20
   604 | D        | Learned a level 4 spell: Summon Ice Beast
   609 | D        | Learned a level 4 spell: Hailstorm
   609 | D        | Found an opulent altar of Gozag.
   610 | D        | Found a sparkling altar of Nemelex Xobeh.
   676 | D        | Noticed Sonja
   681 | D        | Killed Sonja
   681 | D        | Reached skill level 10 in Stealth
   681 | D        | Reached skill level 5 in Dodging
   681 | D        | Reached XP level 8. HP: 74/76 MP: 13/22
   711 | D        | Found Jejyck's Distillery.
   745 | D        | Bought a phantom mirror for 300 gold pieces
   806 | D        | Noticed a deep troll
   814 | D        | Killed a deep troll
   814 | D        | Reached * piety under Vehumet
   814 | D        | Offered knowledge of Foxfire by Vehumet.
   814 | D        | Reached skill level 5 in Evocations
   930 | D        | Found Plog's Armour Emporium.
   935 | D        | Bought a +0 kite shield for 49 gold pieces
   956 | D        | Noticed a centaur warrior
   962 | D        | Noticed a centaur warrior
   965 | D        | Killed a centaur warrior
   965 | D        | Reached XP level 9. HP: 61/82 MP: 12/23
   968 | D        | Killed a centaur warrior
   993 | D        | Noticed a hornet
   997 | D        | Killed a hornet
   997 | D        | Reached ** piety under Vehumet
   997 | D        | Offered knowledge of Searing Ray by Vehumet.
  1052 | D        | Noticed an oklob plant
  1060 | D        | Killed an oklob plant
  1130 | D        | Reached skill level 1 in Armour
  1130 | D        | Reached XP level 10. HP: 83/92 MP: 17/24
  1136 | D        | Offered knowledge of Mephitic Cloud by Vehumet.
  1164 | D        | Noticed an unseen horror
  1165 | D        | Noticed an unseen horror
  1171 | D        | Killed an unseen horror
  1171 | D        | Reached *** piety under Vehumet
  1352 | D        | Killed an unseen horror
  1352 | D        | Offered knowledge of Stone Arrow by Vehumet.
  1357 | D        | Learned a level 3 spell: Stone Arrow
  1370 | D        | Reached skill level 5 in Armour
  1372 | D        | Reached **** piety under Vehumet
  1372 | D        | Reached skill level 1 in Conjurations
  1374 | D        | Offered knowledge of Fulminant Prism by Vehumet.
  1378 | D        | Reached ***** piety under Vehumet
  1505 | D        | Offered knowledge of Freezing Cloud by Vehumet.
  1513 | D        | Learned a level 6 spell: Freezing Cloud
  1552 | D        | Got a polished great mace
  1614 | D        | Found a burning altar of Makhleb.
  1614 | D        | Found a viscous altar of Jiyva.
  1614 | D        | Found a shimmering altar of Xom.
  1614 | D        | Found a corrupted altar of Lugonu.
  1666 | D        | Bought a condenser vane (2/2) for 200 gold pieces
  1684 | D        | Bought a potion of heal wounds for 65 gold pieces
  1684 | D        | Bought a potion of heal wounds for 65 gold pieces
  1742 | D        | Found Qeymokh's General Store.
  1742 | D        | Found Houg's Magic Scroll Emporium.
  1742 | D        | Found Achac's Weapon Emporium.
  1744 | D        | Found Uxaom's Antique Weapon Boutique.
  1744 | D        | Found Naratzug's Book Shoppe.
  1744 | D        | Found Acwumiw's Assorted Antiques.
  1744 | D        | Found Zirahiss's Jewellery Emporium.
  1744 | D        | Found Biokh's Antique Weapon Boutique.
  1744 | D        | Found Pugat's Book Shoppe.
  1744 | D        | Found Tozxec's General Store.
  1746 | D        | Bought a scroll of magic mapping for 35 gold pieces
  1748 | D        | Found Besirch's Jewellery Emporium.
  1749 | D        | Found Ciupsiomih's Antique Weapon Boutique.
  1749 | D        | Found Miasipn's Gadget Shoppe.
  1750 | D        | Found Meshret Gozi's General Store.
  1751 | D        | Bought a scroll labeled GUOLID MECESMY for 32 gold pieces
  1751 | D        | Bought a scroll labeled RIPSUM XESUW for 32 gold pieces
  1751 | D        | Bought a scroll labeled OMPOGI AVATS for 32 gold pieces
  1765 | D        | Killed a gargoyle
  1799 | D        | Bought a wand of digging (7) for 220 gold pieces
  1881 | D        | Bought an uncursed ring of wizardry for 420 gold pieces
  1881 | D        | Bought an uncursed ring of magical power for 280 gold
                  | pieces
  1976 | D        | Noticed a kobold demonologist
  1977 | D        | Noticed a kobold demonologist
  1978 | D        | Reached skill level 10 in Fighting
  1982 | D        | Killed a kobold demonologist
  1982 | D        | Reached skill level 5 in Conjurations
  1983 | D        | Killed a kobold demonologist
  2118 | D        | Offered knowledge of Lee's Rapid Deconstruction by Vehumet.
  2118 | D        | Reached skill level 1 in Air Magic
  2129 | D        | Reached XP level 11. HP: 64/108 MP: 14/25
  2227 | D        | Noticed a lindwurm
  2234 | D        | Killed a lindwurm
  2234 | D        | Reached skill level 5 in Air Magic
  2321 | D        | Noticed a lorocyproca
  2341 | D        | Offered knowledge of Spellforged Servitor by Vehumet.
  2353 | D        | Reached skill level 10 in Conjurations
  2356 | D        | Reached ****** piety under Vehumet
  2375 | D        | Noticed a 12-headed hydra
  2377 | D        | Paralysed by a floating eye for 4 turns
  2379 | D        | Mangled by a 12-headed hydra

Illustrated notes

Levels and vault maps discovered:
D:        dungeon_sprint_1 [red_sonja_temple_1, red_sonja_temple_small_1]

Skill      XL: |  1  2  3  4  5  6  7  8  9 10 11 |
---------------+----------------------------------+-----
Ice Magic      | 7 10 | 10.1
Spellcasting   | 8 10 | 10.0
Fighting       | 3 6 10 | 10.0
Stealth        | 10 | 10.0
Dodging        | 5 6 |  6.0
Short Blades   | 3 |  3.2
Evocations     | 5 8 |  8.5
Shields        | 6 9 |  9.0
Armour         | 1 6 |  6.0
Conjurations   | 7 10 | 10.0
Air Magic      | 2 9 |  9.0

Action                   |  1- 3 |  4- 6 |  7- 9 | 10-12 || total
-------------------------+-------+-------+-------+-------++-------
Melee: Unarmed           |     6 |       |       |       ||     6
       Scythe            |       |     2 |       |       ||     2
       Dagger            |       |       |     5 |    20 ||    25
       Trident           |       |       |       |    45 ||    45
Throw: Dart              |       |       |       |     2 ||     2
 Cast: Freeze            |     3 |     2 |    11 |     2 ||    18
       Frozen Ramparts   |     1 |     3 |     7 |    14 ||    25
       Ozocubu's Armour  |       |     3 |     7 |    12 ||    22
       Summon Ice Beast  |       |       |     4 |    10 ||    14
       Hailstorm         |       |       |       |     3 ||     3
 Abil: Spit Poison       |     2 |     3 |     1 |     4 ||    10
Evoke: Wand              |       |       |       |     3 ||     3
  Use: Potion            |     1 |       |       |       ||     1
       Scroll            |       |       |       |     5 ||     5
Armor: Robe              |       |     2 |     3 |       ||     5
       Troll leather arm |       |       |     6 |    52 ||    58
Dodge: Dodged            |     2 |     2 |     6 |    60 ||    70
Block: Kite shield       |       |       |    10 |    52 ||    62

Table legend: (Time is in decaauts)
 A = Elapsed time spent in this place.
 B = Non-inter-level travel time spent in this place.
 C = Inter-level travel time spent in this place.
 D = Time resting spent in this place.
 E = Time spent auto-exploring this place.
 F = Levels seen in this place.
 G = Mean time per level.
                   A        B        C        D        E       F      G
               +--------+--------+--------+--------+--------+-----+--------+
         Total |   2668 |   2280 |    388 |   1107 |    302 |   1 | 2668.0 |
       Dungeon |   2668 |   2280 |    388 |   1107 |    302 |   1 | 2668.0 |
               +--------+--------+--------+--------+--------+-----+--------+

Top non-repeatable levels by time:
       D: 2668 daAuts
